 Dungeon Crawl Stone Soup version 0.19-a0-1379-gd925bfa (webtiles) character file.

165126 MackTheKnife the Severer (level 17, -11/160 HPs)
             Began as a Naga Wanderer on Sept 3, 2016.
             Was a High Priest of Makhleb.
             Mangled by a seven-headed hydra (21 damage)
             ... called by a spriggan druid
             ... on level 3 of the Swamp.
             The game lasted 01:23:56 (27787 turns).

MackTheKnife the Severer (Naga Wanderer)           Turns: 27787, Time: 01:23:56

Health: -11/160    AC: 25    Str: 14    XL:     17   Next: 87%
Magic:  35/35      EV:  6    Int: 15    God:    Makhleb [*****.]
Gold:   2622       SH:  8    Dex: 11    Spells: 0 memorised, 18 levels left

rFire  + + +     SeeInvis +     a - +1 broad axe (elec)
rCold  + . .     Gourm    .     c - +2 ring mail {rC+}
rNeg   . . .     Faith    .     d - +2 buckler
rPois  +         Spirit   .     l - +1 helmet
rElec  +         Dismiss  .     Q - +0 cloak
rCorr  +         Reflect  .     p - +2 pair of gloves
MR     +++..     Harm     .     x - +3 naga barding
Stlth  +.........               H - amulet of regeneration {+regen, !d}
                                u - ring of protection from magic {MR+, !d}
                                Y - ring of Ewaymuduo {rCorr rElec rF+++ MP+9 Dex-5}

@: heavily drained, very slow
A: see invisible, deformed body, poison resistance, slowness 2, slow metabolism
1, spit poison 2, constrict 1, AC +5
a: Spit Poison, Minor Destruction, Lesser Servant of Makhleb, Major Destruction,
Greater Servant of Makhleb, Renounce Religion


You were on level 3 of the Swamp.
You worshipped Makhleb.
Makhleb was extremely pleased with you.
You were not hungry.

You visited 7 branches of the dungeon, and saw 32 of its levels.
You also visited: Sewer.

You collected 3215 gold pieces.
You spent 593 gold pieces at shops.

Inventory:

Hand Weapons
 a - a +1 broad axe of electrocution (weapon)
   (You found it on level 4 of the Lair of Beasts)
 b - a +0 blowgun
   (You found it on level 7 of the Dungeon)
Missiles
 z - 15 curare-tipped needles
Armour
 c - a +2 ring mail of cold resistance (worn)
   (You found it on level 1 of the Dungeon)
 d - a +2 buckler (worn)
   (You found it on level 2 of the Dungeon)
 l - a +1 helmet (worn)
   (You took it off Robin on level 2 of the Dungeon)
 p - a +2 pair of gloves (worn)
   (You found it on level 2 of the Dungeon)
 x - a +3 naga barding (worn)
   (You found it on level 4 of the Dungeon)
 Q - a +0 cloak (worn)
   (You bought it in a shop on level 11 of the Dungeon)
Jewellery
 o - a +4 ring of slaying
   (You found it on level 2 of the Dungeon)
 u - a ring of protection from magic (right hand) {MR+, !d}
   (You took it off an orc on level 9 of the Dungeon)
 y - a +3 ring of protection
   (You found it on level 4 of the Dungeon)
 C - an uncursed ring of ice {rC+, rF-}
   (You took it off Fannar on level 3 of the Lair of Beasts)
 H - an amulet of regeneration (around neck) {+regen, !d}
   (You bought it in a shop on level 9 of the Dungeon)
 Y - the ring of Ewaymuduo (left hand) {rCorr rElec rF+++ MP+9 Dex-5}
   (You found it on level 6 of the Lair of Beasts)

   [ring of resist corrosion]

   It affects your dexterity (-5).
   It renders you almost immune to fire.
   It insulates you from electricity.
   It affects your magic capacity (+9).
Wands
 e - a wand of heal wounds (5/9)
   (You found it on level 6 of the Lair of Beasts)
 h - a wand of acid (6/15)
   (You found it on level 2 of the Swamp)
 v - a wand of digging (12/24)
   (You found it on level 7 of the Dungeon)
 R - a wand of digging (0/24)
   (You found it on level 1 of the Lair of Beasts)
 W - a wand of disintegration (0/24)
   (You found it on level 6 of the Lair of Beasts)
Scrolls
 j - 4 scrolls of amnesia
 m - 11 scrolls of remove curse
 s - a scroll of holy word {!r}
 K - 2 scrolls of fog
 L - 4 scrolls of silence
 O - 3 scrolls of magic mapping {!r}
Potions
 n - 4 potions of cancellation
 q - a potion of resistance
 r - 3 potions of haste
 w - 3 potions of ambrosia
 A - 2 potions of cure mutation {!q}
 D - 5 potions of flight
 E - 3 potions of heal wounds
 G - 11 potions of curing
 I - 2 potions of magic
Miscellaneous
 J - a disc of storms
   (You found it on level 2 of the Lair of Beasts)
 S - a sack of spiders
 T - a phantom mirror
Comestibles
 f - 6 chunks of flesh {@w0}
 g - 14 bread rations {@e1}
 k - 13 meat rations {@e2}
 t - 12 royal jellies
 B - 25 fruits


   Skills:
 - Level 12.3(10.4) Fighting
 - Level 17.1(16.6) Axes
   Level 12.1(14.0) Maces & Flails
   Level 6.5(11.1) Polearms
   Level 1.7(0.3) Bows
 - Level 1.0(0.0) Throwing
 - Level 5.9(4.4) Armour
 - Level 1.5(0.1) Stealth
 + Level 11.1(9.3) Shields
 - Level 1.0(0.0) Spellcasting
   Level 1.0(0.0) Summonings
   Level 1.3(0.0) Poison Magic
 - Level 13.0(11.1) Invocations


You had 18 spell levels left.
You didn't know any spells.

Dungeon Overview and Level Annotations

Branches:
Dungeon (15/15)            Temple (1/1) D:7            Lair (6/6) D:11
  Swamp (3/4) Lair:4       Spider (3/4) Lair:2        Slime (0/5) Lair:6
    Orc (2/2) D:11            Elf (2/3) Orc:2        Vaults (0/5) D:14
 Depths (0/5) D:15

Altars:
Ashenzari
Cheibriados
Dithmenos
Elyvilon
Fedhas
Gozag
Kikubaaqudgha
Makhleb
Nemelex Xobeh
Okawaru
Qazlal
Ru
Sif Muna
Trog
Uskayaw
Vehumet
Xom
Yredelemnul
Zin
The Shining One
Beogh
Jiyva

Shops:
D:9 =   D:11 [   D:13 (   Orc:1 (   Orc:2 ([:*   Elf:1 :

Annotations:
D:7 1 runed door
D:9 exclusion: downstairs
Lair:2 Sonja
Lair:3 3 exclusions
Lair:6 1 runed door


Innate Abilities, Weirdness & Mutations

You cannot wear boots.
Your serpentine skin is tough. (AC +5)
You have supernaturally acute eyesight. (SInv)
Armour fits poorly on your strangely shaped body.
Your system is resistant to poisons. (rPois)
You cover ground very slowly.
You have a slow metabolism.
You can spit poison.
You can use your snake-like lower body to constrict enemies.


Message History

The five-headed hydra is engulfed in spectral mist.
The five-headed hydra bites you but does no damage. x4
You block the five-headed hydra's attack.
You closely miss the insubstantial wisp.
You hit the spectral wasp.
There is a sudden explosion of sparks!
You destroy the spectral wasp!
You barely miss the five-headed hydra.
You are engulfed in spectral mist.
Your neqoxec is engulfed in spectral mist.
Your neqoxec dies!
The spriggan druid is engulfed in spectral mist.
The spriggan druid shouts!
The insubstantial wisp is engulfed in spectral mist.
You block the insubstantial wisp's attack.
The swamp worm is engulfed in spectral mist.
The swamp worm dies!
You regained 2 hp, and now have 110/160 hp.
Unknown command.
You hit the insubstantial wisp.
You lop one of the five-headed hydra's heads off!
The four-headed hydra grows two more!
You slash the six-headed hydra!
You are engulfed in spectral mist.
The spriggan druid is engulfed in spectral mist.
The spriggan druid gestures wildly while chanting.
The forest starts to sway and rumble!
The six-headed hydra is engulfed in spectral mist.
The six-headed hydra bites you but does no damage.
The six-headed hydra bites you!
You block the six-headed hydra's attack. x2
The six-headed hydra bites you but does no damage. x2
The wasp is engulfed in spectral mist.
You take 8 damage, and have 102/160 hp.
You barely miss the insubstantial wisp.
You lop one of the six-headed hydra's heads off!
The five-headed hydra grows two more!
You hit the seven-headed hydra.
There is a sudden explosion of sparks!
You closely miss the wasp.
You are engulfed in spectral mist.
A root smacks you from below.
The insubstantial wisp is engulfed in spectral mist.
The insubstantial wisp is destroyed!
The wasp is engulfed in spectral mist.
The wasp dies!
The spriggan druid is engulfed in spectral mist.
With its final breath, the spriggan druid offers up its power to the beasts of the wild!
The seven-headed hydra is healed.
The spectral spiny frog seems to grow more fierce.
The ghost crab seems to grow more fierce.
The seven-headed hydra seems to grow more fierce.
The spectral spiny frog seems to grow more fierce. x2
The spriggan druid dies!
The forest abruptly stops moving.
The seven-headed hydra is engulfed in spectral mist.
The seven-headed hydra bites you but does no damage. x3
The seven-headed hydra bites you!!
The seven-headed hydra bites you but does no damage. x2
You block the seven-headed hydra's attack.
Unknown command.
Unknown command.
You take 38 damage, and have 64/160 hp.
MASSIVE DAMAGE!!
You feel much better. The spectral spiny frog hits you!
The seven-headed hydra is engulfed in spectral mist.
The seven-headed hydra bites you!
The seven-headed hydra bites you but does no damage. x2
The seven-headed hydra bites you.
The seven-headed hydra completely misses you.
The seven-headed hydra bites you but does no damage.
The seven-headed hydra bites you!
* * * LOW HITPOINT WARNING * * *
You take 22 damage, and have 42/160 hp.
Unknown command.
Okay, then.
Okay, then.
Okay, then.
The disc glows for a moment, then fades.
The spectral spiny frog fades away!
The seven-headed hydra is engulfed in spectral mist.
The seven-headed hydra bites you!
* * * LOW HITPOINT WARNING * * *
The seven-headed hydra bites you but does no damage.
You block the seven-headed hydra's attack.
The seven-headed hydra bites you!
* * * LOW HITPOINT WARNING * * *
The seven-headed hydra bites you but does no damage.
The seven-headed hydra bites you.
* * * LOW HITPOINT WARNING * * *
The seven-headed hydra closely misses you.
You take 21 damage, and have 21/160 hp.
You feel much better.
This wand has 5 charges left.
The spectral spriggan druid barely misses you.
The seven-headed hydra is engulfed in spectral mist.
The seven-headed hydra bites you!
* * * LOW HITPOINT WARNING * * *
The seven-headed hydra closely misses you.
The seven-headed hydra bites you but does no damage.
The seven-headed hydra bites you.
* * * LOW HITPOINT WARNING * * *
The seven-headed hydra bites you but does no damage.
The seven-headed hydra bites you!!
* * * LOW HITPOINT WARNING * * *
The seven-headed hydra bites you!!
You die...

≈..♣♣♣....♣
♣♣≈≈≈≈≈♣♣♣♣♣
≈≈♣♣ ♣♣...♣
♣♣.≈≈..♣♣.♣♣
≈.♣ ♣.≈.♣
♣.≈≈♣.....♣♣
≈♣♣ ♣.≈.♣
♣♣≈≈≈♣.....♣♣
♣♣ .≈≈♣
♣♣.....♣♣♣(.♣
♣ .≈≈≈♣
♣..>♣♣♣♣ ♣♣♣♣
♣
.♣≈≈.♣♣♣≈..♣
♣
.≈≈≈...♣≈.♣♣
♣
.≈≈≈≈..§D@♣♣
.♣
≈≈≈≈≈..♣Z♣§♣
≈♣
..≈≈≈.†.§.♣♣
≈♣
≈.≈≈≈.Z♣t♣♣
≈♣ ≈....Z..)♣
≈≈ ≈≈≈≈≈.§≈≈♣
≈.♣
≈≈≈§.§≈♣≈♣
♣≈≈.≈§≈≈≈♣
.≈≈≈§§≈≈..


You could see a seven-headed hydra, a ghost crab, 2 spectral spiny frogs and a
spectral spriggan druid.

Vanquished Creatures
  2 large abominations (Elf:1)
  Rupert (D:15)
  4 entropy weavers
  A very ugly thing (Swamp:1)
  The ghost of runewalsh the Frost Mage, a journeyman OpIE of Gozag (Orc:2)
  A deep elf demonologist (Elf:1)
  A deep elf annihilator (Elf:1)
  Snorg (D:14)
  An ogre mage (D:15)
  Josephine (D:9)
  2 deep elf high priests (Elf:1)
  A great orb of eyes (shapeshifter) (Elf:1)
  Fannar (Lair:3)
  8 hydras
  2 ghost crabs (Swamp:2)
  3 centaur warriors
  A queen ant (D:12)
  4 alligators
  4 dancing weapons (Elf:1)
  3 death yaks (Lair:6)
  2 orc high priests
  8 deep elf knights (Elf:1)
  Urug (D:10)
  2 unseen horrors
  A swamp dragon (shapeshifter) (Elf:1)
  4 swamp dragons
  6 hill giants
  A wizard (D:14)
  5 orc knights
  5 deep elf archers
  A wolf spider zombie (D:15)
  4 shambling mangroves
  3 orc sorcerers
  14 wolf spiders
  A wolf spider (shapeshifter) (D:15)
  25 deep elf magi
  5 hornets
  9 ugly things
  A griffon (Lair:4)
  2 cyclopes
  4 elephants (Lair:5)
  Joseph (D:9)
  3 black mambas
  A moth of wrath (Spider:3)
  A torpor snail (Spider:1)
  An ice statue (Lair:6)
  6 komodo dragons
  12 spiny frogs
  A rime drake (Lair:2)
  2 kobold demonologists
  5 demonic crawlers
  9 polar bears
  19 jumping spiders
  4 trolls
  A two-headed ogre (D:13)
  10 giant leeches
  9 blink frogs
  3 raiju (Lair:6)
  5 bog bodies
  25 slime creatures
  A vampire (D:15)
  4 shadows
  13 tarantellas
  A water elemental (Elf:1)
  43 redbacks
  3 spriggans
  5 wraiths
  53 yaks
  A fire elemental (Elf:1)
  4 hungry ghosts
  3 basilisks
  6 hippogriffs
  5 vampire mosquitoes (D:13)
  9 wargs
  10 insubstantial wisps
  10 soldier ants
  7 swamp worms
  13 water moccasins
  5 hell hounds (Lair:6)
  10 porcupines
  5 swamp drakes
  35 orc warriors
  14 black bears
  11 ice beasts
  7 wasps
  6 phantoms
  3 sky beasts
  19 wolves
  3 eyes of draining
  11 ogres
  9 centaurs
  23 crocodiles
  3 big kobolds
  20 giant frogs
  2 earth elementals (Elf:1)
  4 scorpions
  17 killer bees
  A water moccasin skeleton (D:11)
  4 howler monkeys
  2 vampire bats (Orc:1)
  5 wights (D:9)
  2 electric eels
  8 crimson imps
  3 jellies
  4 centaur zombies
  21 hounds
  15 orc priests
  A gnoll shaman (D:8)
  25 orc wizards
  6 centaur skeletons
  A giant frog skeleton (D:8)
  A worker ant (shapeshifter) (Elf:1)
  10 iguanas
  20 worker ants
  2 killer bee zombies
  3 hound zombies (D:11)
  2 hound skeletons
  A mummy (D:9)
  A worker ant zombie (D:8)
  Robin (D:2)
  12 adders
  11 gnolls
  44 river rats
  3 shadow imps
  2 white imps (Lair:6)
  5 oozes
  An adder skeleton (D:5)
  4 adder zombies
  7 worms
  A dart slug (D:2)
  14 giant geckos
  96 orcs
  2 ball pythons
  4 giant cockroaches
  9 goblins
  11 hobgoblins
  20 jackals
  A quokka (D:2)
  24 bats
  A giant gecko zombie (D:6)
  16 giant newts
  A jackal skeleton (D:5)
  29 kobolds
  8 rats
  2 fungi
  4 plants
1134 creatures vanquished.

Vanquished Creatures (collateral kills)
  Arachne (Spider:3)
  Frances (Spider:1)
  2 orc warlords
  The ghost of xvga the Convoker, a journeyman TeSu of Sif Muna (Elf:1)
  An ettin (D:15)
  An ice dragon (Lair:6)
  2 peacekeepers (Elf:1)
  2 hydras
  2 dancing weapons (Elf:1)
  A deep elf knight (Elf:1)
  3 orb spiders (Spider:1)
  An ugly thing (D:11)
  A deep elf mage (Elf:1)
  A griffon (Lair:6)
  A wolf spider (Spider:3)
  A cyclops (D:15)
  An orc sorcerer (Orc:2)
  A centaur zombie (D:15)
  2 demonic crawlers
  2 polar bears (Lair:6)
  A troll (Orc:2)
  2 jumping spiders (Spider:3)
  A bog body (Swamp:2)
  A tarantella (Spider:2)
  A spriggan (Swamp:1)
  A water elemental (Elf:1)
  A hippogriff (D:11)
  2 fire elementals (Elf:1)
  An insubstantial wisp (Swamp:2)
  A soldier ant (D:11)
  7 orc warriors
  A wasp (Swamp:1)
  2 ice beasts (Lair:6)
  A crimson imp (D:11)
  3 orc priests
  7 orc wizards (Orc:2)
  A giant gecko (D:11)
  An orc (Orc:2)
63 creatures vanquished.

Vanquished Creatures (others)
  A spriggan druid (Swamp:3)
  A jumping spider (Spider:2)
  A giant leech (Swamp:3)
  2 spriggans (Swamp:3)
  2 insubstantial wisps (Swamp:3)
  A swamp worm (Swamp:3)
  2 wasps
  2 orcs
  A quokka (D:9)
  6 fungi (Lair:4)
  7 plants
26 creatures vanquished.

Grand Total: 1223 creatures vanquished

Notes
Turn   | Place    | Note
-------+----------+-------------------------------------------
     0 | D:1      | MackTheKnife the Naga Wanderer began the quest for the Orb.
     0 | D:1      | MackTheKnife set off with: a +2 scale mail, 2 potions of curing, a +0 club, a bread ration {@e1}
     0 | D:1      | Reached XP level 1. HP: 18/18 MP: 2/2
   283 | D:1      | Reached skill level 2 in Fighting
   283 | D:1      | Reached XP level 2. HP: 26/26 MP: 3/3
   791 | D:2      | Reached skill level 3 in Fighting
   791 | D:2      | Reached XP level 3. HP: 33/34 MP: 4/4
   820 | D:2      | Noticed a dagger
   820 | D:2      | Noticed a hand axe
   838 | D:2      | Found a hide-covered altar of Uskayaw.
  1133 | D:2      | Noticed Robin
  1153 | D:2      | HP: 6/34 [Robin/trident of flaming (4)]
  1154 | D:2      | HP: 2/34 [Robin/trident of flaming (1)]
  1168 | D:2      | Killed Robin
  1168 | D:2      | Reached XP level 4. HP: 14/44 MP: 5/5
  1168 | D:2      | HP: 11/44 [rat (3)]
  1537 | D:2      | Reached skill level 4 in Fighting
  2090 | D:3      | Reached skill level 1 in Polearms
  2408 | D:3      | Reached skill level 2 in Polearms
  2408 | D:3      | Reached XP level 5. HP: 50/50 MP: 6/6
  2586 | D:4      | Found an opulent altar of Gozag.
  2588 | D:4      | Found a basalt altar of Yredelemnul.
  2601 | D:4      | Found a glowing golden altar of the Shining One.
  2626 | D:4      | Reached skill level 3 in Polearms
  2773 | D:4      | Found a sparkling altar of Nemelex Xobeh.
  2803 | D:4      | Found a stormy altar of Qazlal.
  3017 | D:4      | Reached XP level 6. HP: 51/57 MP: 7/7
  3227 | D:4      | Reached skill level 4 in Polearms
  3324 | D:5      | Entered Level 5 of the Dungeon
  3441 | D:5      | Found a deep blue altar of Sif Muna.
  3486 | D:5      | Found a blossoming altar of Fedhas.
  3594 | D:5      | Reached skill level 5 in Polearms
  3680 | D:5      | Reached XP level 7. HP: 64/64 MP: 8/8
  3745 | D:5      | Reached skill level 6 in Polearms
  3868 | D:5      | Reached skill level 1 in Shields
  4168 | D:6      | Reached skill level 2 in Shields
  4190 | D:6      | Reached skill level 3 in Shields
  4216 | D:6      | Found a bloodstained altar of Trog.
  4260 | D:6      | Reached XP level 8. HP: 72/72 MP: 9/9
  4429 | D:6      | Reached skill level 4 in Shields
  4512 | D:6      | Found a glowing drain.
  4516 | Sewer    | Entered a sewer
  5066 | D:6      | Reached skill level 5 in Shields
  5414 | D:6      | Reached skill level 2 in Armour
  5688 | D:6      | Reached skill level 5 in Fighting
  5876 | D:7      | Found a staircase to the Ecumenical Temple.
  5886 | D:7      | Reached skill level 3 in Armour
  5886 | D:7      | Reached XP level 9. HP: 79/81 MP: 10/10
  5905 | Temple   | Entered the Ecumenical Temple
  5924 | Temple   | Became a worshipper of Makhleb the Destroyer
  6118 | D:7      | Reached skill level 6 in Fighting
  6139 | D:7      | Reached skill level 4 in Armour
  6233 | D:7      | Found a glowing silver altar of Zin.
  6233 | D:7      | Noticed an angel
  6234 | D:7      | Found a runed door.
  6490 | D:7      | Found a deep blue altar of Sif Muna.
  6568 | D:7      | Reached * piety under Makhleb
  6600 | D:7      | Found an ancient bone altar of Kikubaaqudgha.
  6674 | D:8      | Reached skill level 7 in Fighting
  6702 | D:8      | Found a sacrificial altar of Ru.
  6759 | D:8      | Reached skill level 5 in Armour
  6992 | D:8      | Reached XP level 10. HP: 96/96 MP: 11/11
  7026 | D:8      | HP: 21/96 [orc warrior/flail (11)]
  7061 | D:8      | HP: 24/96 [giant frog (5)]
  7067 | D:8      | Reached skill level 8 in Fighting
  7527 | D:8      | Reached ** piety under Makhleb
  7759 | D:6      | Reached skill level 1 in Maces & Flails
  7820 | D:8      | Reached skill level 2 in Maces & Flails
  8021 | D:9      | Reached skill level 3 in Maces & Flails
  8059 | D:9      | Reached skill level 4 in Maces & Flails
  8131 | D:9      | Reached skill level 5 in Maces & Flails
  8183 | D:9      | Noticed Joseph
  8200 | D:9      | Killed Joseph
  8200 | D:9      | Reached skill level 6 in Maces & Flails
  8531 | D:9      | Reached skill level 7 in Maces & Flails
  8533 | D:9      | Found Zynoul's Jewellery Shoppe.
  8536 | D:9      | Bought an uncursed amulet of regeneration for 390 gold pieces
  8638 | D:9      | Found a snail-covered altar of Cheibriados.
  8642 | D:9      | Reached *** piety under Makhleb
  8754 | D:9      | Found a white marble altar of Elyvilon.
  8821 | D:10     | Entered Level 10 of the Dungeon
  8821 | D:10     | Found a basalt altar of Yredelemnul.
  8821 | D:10     | Noticed Josephine
  8858 | D:9      | Killed Josephine
  8858 | D:9      | Reached skill level 8 in Maces & Flails
  8858 | D:9      | Reached XP level 11. HP: 101/103 MP: 12/12
  8900 | D:9      | Reached skill level 9 in Maces & Flails
  9040 | D:10     | Noticed an unseen horror
  9054 | D:10     | Killed an unseen horror
  9100 | D:10     | Noticed a hill giant
  9108 | D:10     | Killed a hill giant
  9108 | D:10     | Reached skill level 10 in Maces & Flails
  9148 | D:10     | Noticed Urug
  9172 | D:10     | Killed Urug
  9384 | D:11     | Reached skill level 11 in Maces & Flails
  9391 | D:11     | Reached **** piety under Makhleb
  9763 | D:11     | Noticed a green ugly thing
  9777 | D:11     | Killed a green ugly thing
  9788 | D:11     | Found a staircase to the Lair.
  9797 | D:11     | Got a bloodstained robe
  9809 | D:11     | Identified the cursed +1 robe of Eternal Night {+Blink Int+3 Dex-3} (You found it on level 11 of the Dungeon)
  9840 | D:11     | Found Moihedd's Antique Armour Emporium.
  9848 | D:11     | Bought a cloak for 121 gold pieces
 10161 | D:11     | Got a heavily runed chain mail
 10165 | D:11     | Identified the +3 chain mail of Follow the Leader {Int+3} (You found it on level 11 of the Dungeon)
 10186 | D:11     | Reached skill level 12 in Maces & Flails
 10212 | D:11     | Found a staircase to the Orcish Mines.
 10381 | Lair:1   | Entered Level 1 of the Lair of Beasts
 10415 | Lair:1   | Reached XP level 12. HP: 111/111 MP: 13/13
 10431 | Lair:1   | Reached ***** piety under Makhleb
 10521 | Lair:1   | Got a fine leather armour
 10554 | Lair:1   | Reached skill level 9 in Fighting
 10697 | Lair:1   | Identified the +1 leather armour of the Serpent {Regen+ Str+2 Stlth+} (You found it on level 1 of the Lair of Beasts)
 10846 | Lair:1   | Reached skill level 10 in Fighting
 11693 | Lair:2   | Found an iron altar of Okawaru.
 11702 | Lair:2   | Noticed Sonja
 11848 | Lair:2   | Reached skill level 11 in Fighting
 11908 | Lair:2   | Found a hole to the Spider Nest.
 12289 | Lair:2   | Noticed a six-headed hydra
 12307 | Lair:2   | Killed a six-headed hydra
 12500 | Lair:3   | Reached skill level 12 in Fighting
 12552 | Lair:3   | Reached skill level 1 in Invocations
 12681 | Lair:3   | Reached skill level 2 in Invocations
 12764 | Lair:3   | Reached skill level 3 in Invocations
 12903 | Lair:3   | Noticed Fannar
 12915 | Lair:3   | Reached ****** piety under Makhleb
 12915 | Lair:3   | Reached skill level 4 in Invocations
 12915 | Lair:3   | Gained mutation: You can use your snake-like lower body to constrict enemies. [Naga growth]
 12915 | Lair:3   | Reached XP level 13. HP: 127/129 MP: 14/16
 12933 | Lair:3   | Killed Fannar
 12933 | Lair:3   | Reached skill level 5 in Invocations
 13081 | Lair:3   | Reached skill level 6 in Invocations
 13179 | Lair:4   | Identified a scroll of acquirement
 13235 | Lair:4   | Found a staircase to the Swamp.
 13249 | Lair:4   | Reached skill level 7 in Invocations
 13489 | Lair:4   | Reached skill level 8 in Invocations
 13734 | Lair:4   | Reached skill level 1 in Axes
 13739 | Lair:4   | Reached skill level 2 in Axes
 14060 | Lair:5   | Reached skill level 3 in Axes
 14435 | Lair:5   | Reached skill level 4 in Axes
 14493 | Lair:5   | Reached skill level 5 in Axes
 14556 | Lair:5   | HP: 31/129 [eight-headed hydra (14)]
 14700 | Lair:5   | Found a deep blue altar of Sif Muna.
 14862 | Lair:6   | Entered Level 6 of the Lair of Beasts
 14880 | Lair:6   | Reached skill level 6 in Axes
 14897 | Lair:6   | Found a runed door.
 14899 | Lair:6   | Noticed an ice dragon
 14919 | Lair:6   | Killed an ice dragon
 15009 | Lair:6   | Reached skill level 7 in Axes
 15079 | Lair:6   | Found a viscous altar of Jiyva.
 15079 | Lair:6   | Found a staircase to the Slime Pits.
 15127 | Lair:6   | Reached skill level 8 in Axes
 15127 | Lair:6   | Reached XP level 14. HP: 138/138 MP: 20/20
 15620 | Lair:6   | Reached skill level 9 in Axes
 15724 | Lair:6   | Reached skill level 10 in Axes
 15823 | Lair:6   | Got a twitching turquoise ring
 16026 | Lair:6   | Identified the ring of Ewaymuduo {rCorr rElec rF+++ MP+9 Dex-5} (You found it on level 6 of the Lair of Beasts)
 16260 | Orc:1    | Entered Level 1 of the Orcish Mines
 16260 | Orc:1    | Found Wessuciu's Antique Weapon Boutique.
 16787 | Orc:2    | Entered Level 2 of the Orcish Mines
 16808 | Orc:2    | Noticed an orc warlord
 16834 | Orc:1    | Killed an orc warlord
 16834 | Orc:1    | Reached skill level 11 in Axes
 17279 | Orc:2    | Noticed runewalsh's ghost (journeyman OpIE)
 17296 | Orc:2    | Killed runewalsh's ghost
 17590 | Orc:2    | Noticed an orc warlord
 17856 | Orc:2    | Killed an orc warlord
 17856 | Orc:2    | Reached skill level 12 in Axes
 18130 | Orc:2    | Found a roughly hewn altar of Beogh.
 18151 | Orc:2    | Found Tynnubru's General Store.
 18157 | Orc:2    | Found Atussip's Antique Armour Emporium.
 18205 | Orc:2    | Found Uzucehy's Book Emporium.
 18215 | Orc:2    | Found Calaluic's Antique Weapon Emporium.
 18319 | Orc:2    | Found a staircase to the Elven Halls.
 18560 | Orc:2    | Bought a scroll of blinking for 82 gold pieces
 18900 | D:12     | HP: 33/138 [ten-headed hydra (3)]
 18901 | D:12     | HP: 14/138 [ten-headed hydra (9)]
 19270 | D:12     | Reached skill level 13 in Axes
 19284 | D:12     | Noticed an entropy weaver
 19284 | D:12     | Noticed an entropy weaver
 19295 | D:12     | Killed an entropy weaver
 19295 | D:12     | Reached XP level 15. HP: 139/144 MP: 21/21
 19329 | D:12     | HP: 35/144 [entropy weaver (11)]
 19332 | D:12     | HP: 14/144 [entropy weaver (4)]
 19343 | D:12     | HP: 26/144 [worker ant (5)]
 19348 | D:12     | HP: 10/144 [worker ant (8)]
 20051 | D:13     | Reached skill level 14 in Axes
 20119 | D:13     | Found Lucaciq's Weapon Shop.
 21005 | D:14     | Found a gate to the Vaults.
 21123 | D:14     | Noticed Snorg
 21212 | D:14     | Killed Snorg
 21236 | D:14     | Reached skill level 15 in Axes
 21371 | D:15     | Entered Level 15 of the Dungeon
 21442 | D:15     | HP: 34/144 [deep elf archer/arrow (6)]
 21445 | D:15     | HP: 5/144 [ettin/dire flail (13)]
 21637 | D:15     | Found a staircase to the Depths.
 21707 | D:15     | Noticed Rupert
 21884 | D:15     | Killed Rupert
 21884 | D:15     | Reached skill level 16 in Axes
 22002 | D:15     | Found a sparkling altar of Nemelex Xobeh.
 22048 | D:15     | Found a shattered altar of Ashenzari.
 22533 | Elf:1    | Entered Level 1 of the Elven Halls
 22617 | Elf:1    | Reached XP level 16. HP: 137/152 MP: 22/22
 22663 | Elf:1    | Found Jiro's Book Shop.
 22739 | Elf:1    | Reached skill level 17 in Axes
 22913 | Elf:1    | HP: 25/152 [deep elf annihilator/iron shot (43)]
 22914 | Elf:1    | HP: 8/152 [deep elf annihilator/crystal spear (37)]
 22988 | Elf:1    | Found a ruined gateway.
 22995 | Elf:1    | Reached skill level 6 in Shields
 22996 | Elf:1    | Noticed xvga's ghost (journeyman TeSu)
 23014 | Elf:1    | Killed xvga's ghost
 23179 | Elf:1    | Reached skill level 9 in Invocations
 23318 | Elf:1    | Noticed an Ice Fiend
 23356 | Elf:1    | Reached skill level 10 in Invocations
 23450 | Elf:1    | Noticed a large abomination
 23464 | Elf:1    | Killed a large abomination
 23464 | Elf:1    | Reached skill level 11 in Invocations
 23885 | Swamp:1  | Entered Level 1 of the Swamp
 23930 | Swamp:1  | HP: 36/153 [spriggan rider/spear (11)]
 23939 | Swamp:1  | Reached skill level 12 in Invocations
 23943 | Swamp:1  | HP: 33/153 [spriggan rider/spear (21)]
 23952 | Swamp:1  | HP: 36/153 [spriggan rider/spear (6)]
 23979 | Swamp:1  | HP: 35/153 [bog body/bolt of cold (16)]
 23982 | Swamp:1  | HP: 17/153 [bog body (6)]
 24584 | Swamp:1  | Reached skill level 13 in Invocations
 24882 | Spider:1 | Entered Level 1 of the Spider Nest
 24891 | Lair:2   | Reached XP level 17. HP: 160/160 MP: 26/26
 25056 | Spider:1 | Reached skill level 7 in Shields
 25075 | Spider:1 | Noticed Frances
 25087 | Spider:1 | Killed Frances
 25300 | Spider:1 | Reached skill level 8 in Shields
 25806 | Spider:2 | HP: 34/160 [emperor scorpion (12)]
 25810 | Spider:2 | HP: 16/160 [wolf spider (13)]
 25829 | Spider:3 | HP: 35/160 [redback (9)]
 25839 | Spider:3 | Reached skill level 9 in Shields
 26003 | Spider:3 | Noticed Arachne
 26013 | Spider:3 | Killed Arachne
 26238 | Spider:3 | Got a sparkling pewter amulet
 26266 | Spider:3 | Identified the amulet "Sitaor" {Inacc rF+++ Dex+4 SInv Stlth-} (You found it on level 3 of the Spider Nest)
 26499 | Spider:3 | Reached skill level 10 in Shields
 26602 | Spider:2 | Noticed an Executioner
 27541 | Swamp:3  | Reached skill level 11 in Shields
 27786 | Swamp:3  | HP: 33/160 [seven-headed hydra[a spriggan druid] (10)]
 27787 | Swamp:3  | HP: 10/160 [seven-headed hydra[a spriggan druid] (18)]
 27787 | Swamp:3  | Mangled by a seven-headed hydra

Vault maps used:
D:1:      minmay_arrival_four_loops, serial_forest,
          infiniplex_forest_clump_double, infiniplex_forest_straight_4,
          infiniplex_forest_lined_3_way, infiniplex_forest_zigzag_1,
          infiniplex_forest_lined_3, infiniplex_forest_clump_long,
          infiniplex_forest_lined_room_2, serial_park_tiny_1,
          hangedman_glass_teeth
D:2:      dancing_weapons_uskayaw, uniq_robin
D:3:      first_bread
D:4:      kennysheep_mini_moat, lemuel_round_altar,
          nicolae_overflow_hidden_temple, tso_metal_star, serial_forest,
          infiniplex_forest_straight_5, infiniplex_forest_clump_curved,
          infiniplex_forest_end_3, infiniplex_forest_straight_4,
          infiniplex_forest_fountain, infiniplex_forest_corner_1
D:5:      fedhas_altar_2, basic_altar
D:6:      lightli_temple_of_fire, gup_sewer_entry_spiral
D:7:      kennysheep_mini, lemuel_blue_sif_altar, minivault_25,
          lemuel_angel_altar
D:8:      nicolae_ru_the_path_less_chosen
D:9:      slow_altar_2, elyvilon_altar_4, serial_shops, nicolae_shop_stone,
          the_bakery, uniq_joseph
D:10:     basic_altar, uniq_josephine, uniq_urug
D:11:     hangedman_cross_stitches, erik_orc_1, serial_shops, shop
D:12:     hangedman_decor_riveting, minmay_another_anthill
D:13:     minmay_shop_grid_forest
D:14:     abandoned_shop, uniq_snorg
D:15:     hangedman_depths_entry_civil_slaughter, basic_altar,
          evilmike_ruin_ashenzari, uniq_rupert
Temple:   dpeg_three_leaves_temple
Lair:1:   lemuel_reptile_caves, lemuel_fruit_fields
Lair:2:   spider_nest_entry_web_field, basic_altar, serial_bayou_shore_b,
          bh_autumn_forest_stairs, uniq_sonja, uniq_erica
Lair:3:   disabler_island, grunt_megastairs_4, serial_bayou_shore_b,
          lemuel_fruit_fields, uniq_fannar
Lair:4:   swamp_mist, grunt_megastairs_5
Lair:5:   basic_altar
Lair:6:   hangedman_lair_caniforms_friends, slime_altar_2, ice2_lemuel,
          infiniplex_staircase_pool
Swamp:1:  evilmike_swamp_ruin_rubble_1
Swamp:2:  evilmike_swamp_ruin_house_3
Swamp:3:  evilmike_swamp_ruin_house_5, swamp_pool3, uniq_nikola
Spider:1: guppyfry_spider_mini_1, uniq_frances
Spider:2: nicolae_crawler_farm, nicolae_spider_cling_ruins
Spider:3: uniq_arachne
Orc:1:    serial_shops, nicolae_shop_trees, nicolae_orc_stony_grotto,
          roderic_batcave, guppyfry_library_mini
Orc:2:    grunt_orc_cross
Elf:1:    eino_elf_arrival_sip, portal_desolation_entry_twin_temple,
          serial_shops, shop_fountains, orc_legates
Elf:2:    serial_shops, shop, grunt_ministairs_7, uniq_agnes, uniq_donald
Sewer:    sewer_fruit_machine

Skill      XL: |  1  2  3  4  5  6  7  8  9 10 11 12 13 14 15 16 17 |
---------------+----------------------------------------------------+-----
Fighting       | 2 3 4 5 7 8 12 | 12.3
Polearms       | 2 3 5 6 |  6.5
Shields        | 3 5 6 11 | 11.1
Armour         | 3 5 |  5.9
Maces & Flails | 8 12 | 12.1
Invocations    | 4 8 13 | 13.0
Axes           | 8 13 16 17 | 17.1
Bows           | |  1.7
Throwing       | |  1.0
Stealth        | |  1.5
Spellcasting   | |  1.0
Summonings     | |  1.0
Poison Magic   | |  1.3

Action                   |  1- 3 |  4- 6 |  7- 9 | 10-12 | 13-15 | 16-18 || total
-------------------------+-------+-------+-------+-------+-------+-------++-------
Melee: Club              |    18 |       |       |       |       |       ||    18
       Whip              |   131 |     1 |       |  1142 |   160 |       ||  1434
       Trident           |       |   153 |   439 |    65 |       |       ||   657
       Broad axe         |       |       |       |       |  1098 |   957 ||  2055
       Constrict         |       |       |       |       |   240 |   158 ||   398
Invok: Lesser Servant of |       |       |       |     1 |    10 |    17 ||    28
       Major Destruction |       |       |       |       |    15 |    13 ||    28
       Greater Servant o |       |       |       |       |     6 |     7 ||    13
 Abil: Spit Poison       |    19 |     3 |     4 |    43 |    12 |     4 ||    85
Evoke: Wand              |       |       |       |    12 |    16 |    12 ||    40
       Sack of spiders   |       |       |       |       |     2 |     1 ||     3
       Disc of storms    |       |       |       |       |       |     1 ||     1
  Use: Potion            |     3 |       |     1 |     3 |     5 |    11 ||    23
       Scroll            |     1 |     1 |    13 |    12 |    16 |    15 ||    58
 Stab: Invisible         |     2 |       |       |     1 |     4 |       ||     7
       Sleeping          |       |     1 |     1 |       |     3 |       ||     5
       Distracted        |       |       |       |       |     4 |     8 ||    12
       Confused          |       |       |       |       |       |     1 ||     1
  Eat: Chunk             |     1 |     7 |     8 |    16 |    13 |     5 ||    50
       Beef jerky        |       |     1 |       |     3 |     6 |       ||    10
       Bread ration      |       |       |     1 |       |     2 |     1 ||     4
       Fruit             |       |       |       |       |     2 |     1 ||     3
       Pizza             |       |       |       |       |     1 |     4 ||     5
       Royal jelly       |       |       |       |       |       |     1 ||     1
Armor: Scale mail        |   128 |    13 |       |       |       |       ||   141
       Ring mail         |       |    59 |   273 |   495 |   928 |   840 ||  2595
Dodge: Dodged            |    55 |    27 |    91 |   210 |   329 |   244 ||   956
Block: Buckler           |       |    25 |   142 |   267 |   446 |   345 ||  1225

Vault maps used:
D:1:      minmay_arrival_four_loops, serial_forest,
          infiniplex_forest_clump_double, infiniplex_forest_straight_4,
          infiniplex_forest_lined_3_way, infiniplex_forest_zigzag_1,
          infiniplex_forest_lined_3, infiniplex_forest_clump_long,
          infiniplex_forest_lined_room_2, serial_park_tiny_1,
          hangedman_glass_teeth
D:2:      dancing_weapons_uskayaw, uniq_robin
D:3:      first_bread
D:4:      kennysheep_mini_moat, lemuel_round_altar,
          nicolae_overflow_hidden_temple, tso_metal_star, serial_forest,
          infiniplex_forest_straight_5, infiniplex_forest_clump_curved,
          infiniplex_forest_end_3, infiniplex_forest_straight_4,
          infiniplex_forest_fountain, infiniplex_forest_corner_1
D:5:      fedhas_altar_2, basic_altar
D:6:      lightli_temple_of_fire, gup_sewer_entry_spiral
D:7:      kennysheep_mini, lemuel_blue_sif_altar, minivault_25,
          lemuel_angel_altar
D:8:      nicolae_ru_the_path_less_chosen
D:9:      slow_altar_2, elyvilon_altar_4, serial_shops, nicolae_shop_stone,
          the_bakery, uniq_joseph
D:10:     basic_altar, uniq_josephine, uniq_urug
D:11:     hangedman_cross_stitches, erik_orc_1, serial_shops, shop
D:12:     hangedman_decor_riveting, minmay_another_anthill
D:13:     minmay_shop_grid_forest
D:14:     abandoned_shop, uniq_snorg
D:15:     hangedman_depths_entry_civil_slaughter, basic_altar,
          evilmike_ruin_ashenzari, uniq_rupert
Temple:   dpeg_three_leaves_temple
Lair:1:   lemuel_reptile_caves, lemuel_fruit_fields
Lair:2:   spider_nest_entry_web_field, basic_altar, serial_bayou_shore_b,
          bh_autumn_forest_stairs, uniq_sonja, uniq_erica
Lair:3:   disabler_island, grunt_megastairs_4, serial_bayou_shore_b,
          lemuel_fruit_fields, uniq_fannar
Lair:4:   swamp_mist, grunt_megastairs_5
Lair:5:   basic_altar
Lair:6:   hangedman_lair_caniforms_friends, slime_altar_2, ice2_lemuel,
          infiniplex_staircase_pool
Swamp:1:  evilmike_swamp_ruin_rubble_1
Swamp:2:  evilmike_swamp_ruin_house_3
Swamp:3:  evilmike_swamp_ruin_house_5, swamp_pool3, uniq_nikola
Spider:1: guppyfry_spider_mini_1, uniq_frances
Spider:2: nicolae_crawler_farm, nicolae_spider_cling_ruins
Spider:3: uniq_arachne
Orc:1:    serial_shops, nicolae_shop_trees, nicolae_orc_stony_grotto,
          roderic_batcave, guppyfry_library_mini
Orc:2:    grunt_orc_cross
Elf:1:    eino_elf_arrival_sip, portal_desolation_entry_twin_temple,
          serial_shops, shop_fountains, orc_legates
Elf:2:    serial_shops, shop, grunt_ministairs_7, uniq_agnes, uniq_donald
Sewer:    sewer_fruit_machine

Table legend:
 A = Turns spent in this place as a percentage of turns spent in the entire game.
 B = Non-inter-level travel turns spent in this place as a percentage of non-inter-level travel turns spent in the entire game.
 C = Inter-level travel turns spent in this place as a percentage of turns spent in this place.
 D = Turns resting spent in this place as a percentage of non-inter-level travel turns spent in this place.
 E = Turns spent auto-exploring this place as a percentage of non-inter-level travel turns spent in this place.
 F = Non-inter-level travel turns spent in this place divided by the number of levels of this place that you've seen.
                   A       B       C       D       E      F
               +-------+-------+-------+-------+-------+----------------------
         Total | 100.0 | 100.0 |   0.5 |   1.2 |   5.7 | 378.6
       Dungeon |  41.7 |  41.6 |   0.6 |   1.2 |   7.3 | 346.6
        Temple |   0.2 |   0.2 |   0.0 |   0.0 |   0.0 |  30.0
          Lair |  23.9 |  23.9 |   0.3 |   0.7 |   5.0 | 497.7
         Swamp |   7.9 |   7.9 |   0.5 |   1.6 |   3.4 | 328.3
   Spider Nest |   8.9 |   8.9 |   0.5 |   2.7 |   2.3 | 370.7
  Orcish Mines |   8.1 |   8.2 |   0.4 |   1.4 |   8.2 | 509.5
   Elven Halls |   6.9 |   6.9 |   0.5 |   0.7 |   3.1 | 431.5
         Sewer |   2.4 |   2.4 |   0.0 |   0.0 |   4.3 | 301.0
               +-------+-------+-------+-------+-------+----------------------

Table legend:
 A = Kills in this place as a percentage of kills in entire the game.
 B = Kills by you in this place as a percentage of kills by you in the entire game.
 C = Kills by friends in this place as a percentage of kills by friends in the entire game.
 D = Other kills in this place as a percentage of other kills in the entire game.
 E = Experience gained in this place as a percentage of experience gained in the entire game.
 F = Experience gained in this place divided by the number of levels of this place that you have seen.
                   A       B       C       D       E      F
               +-------+-------+-------+-------+-------+----------------------
         Total | 100.0 | 100.0 | 100.0 | 100.0 | 100.0 | 7148.3
       Dungeon |  40.4 |  42.0 |  14.3 |   0.0 |  25.9 | 4072.4
          Lair |  24.6 |  25.6 |   9.5 |   0.0 |  21.6 | 8493.5
         Swamp |   7.0 |   6.7 |   7.9 |  50.0 |  13.1 | 10288.7
   Spider Nest |   8.9 |   8.3 |  17.5 |  50.0 |  15.1 | 11848.3
  Orcish Mines |  10.9 |   9.7 |  33.3 |   0.0 |   6.6 | 7745.0
   Elven Halls |   6.0 |   5.4 |  17.5 |   0.0 |  17.7 | 20929.5
         Sewer |   2.2 |   2.3 |   0.0 |   0.0 |   0.0 |  88.0
               +-------+-------+-------+-------+-------+----------------------
